AoeStats
← moldymilk95

Arena

505220272Analyzed
2v2 RM · 24d ago on Sep 8, 2026· 16m 6s· 4 players
Game mode
Random Map
Map size
Medium (4 player)
Population
200
Speed
Normal
Resources
Standard
Victory
Conquest
Starting age
Dark Age
Ending age
Imperial Age
RankedLock teamsTeams togetherTeam positionsShared explorationLock speedFull tech treeHidden civsTurbo modeCheats
Victory
Defeat
🇮🇱 Armenians · Israel
888
+16
🇧🇷 Sicilians · Brazil
876
+16
🇦🇺 Maya · Australia
879
-16
🇦🇺 Spanish · Australia
877
-16
Hannumann
1:29 Loom
10:43 Feudal Age
15:43 Fletching
KirKy
7:56 Loom
11:26 Feudal Age
17:24 Castle Age
15:24 Double-Bit Axe
15:51 Man-at-Arms
moldymilk95
0:26 Loom
11:25 Feudal Age
12:04 Double-Bit Axe
16:45 Castle Age
15:01 Horse Collar
Danye9876
11:40 Feudal Age
16:37 Castle Age
14:31 Double-Bit Axe
Connection lost

Rejoining the realm…

Still unreachable

The connection could not be restored.

Session expired

The server has moved on; the page needs a fresh start.